 Dungeon Crawl Stone Soup version 0.27.1-4-g1640c2035a (webtiles) character file.

Game seed: 2686483464787000794

1720 Stomo444 the Skirmisher (level 8, -2/71 HPs)
             Began as a Yellow Draconian Monk on Nov 10, 2021.
             Was a Believer of Dithmenos.
             Slain by a killer bee (4 damage)
             ... in the Ecumenical Temple.
             The game lasted 00:09:22 (6666 turns).

Stomo444 the Skirmisher (Yellow Draconian Monk)     Turns: 6666, Time: 00:09:22

Health: -2/71      AC:  9    Str: 15    XL:     8   Next: 75%
Magic:  11/13      EV: 15    Int: 11    God:    Dithmenos [**....]
Gold:   235        SH:  0    Dex: 20    Spells: 12/14 levels left

rFire    + . .     SeeInvis .   h - +0 mace (drain)
rCold    . . .     Faith    .   (no shield)
rNeg     . . .     Spirit   .   (armour unavailable)
rPois    .         Reflect  .   (helmet restricted)
rElec    .         Harm     .   e - +2 cloak
rCorr    +         Rampage  .   (no gloves)
Will     .....                  (no boots)
Stlth    +++.......             (no amulet)
HPRegen  0.21/turn              q - +6 ring of dexterity
MPRegen  0.13/turn              c - ring of protection from fire

@: lethally poisoned (-2 -> -10), short of breath, wreathed by umbra
A: spit acid, AC +6, unfitting armour, cold-blooded, acid resistance
a: Breathe Acid, Renounce Religion, Shadow Step


You were in the Ecumenical Temple.
You worshipped Dithmenos.
Dithmenos was pleased with you.
You visited 2 branches of the dungeon, and saw 8 of its levels.

You collected 235 gold pieces.

Inventory:

Hand Weapons
 a - a +0 mace
 h - a +0 mace of draining (weapon)
Armour
 e - a +2 cloak (worn)
 f - a scarf of shadows
 n - a +0 cloak of preservation
Jewellery
 c - a ring of protection from fire (right hand)
 q - a +6 ring of dexterity (left hand)
Wands
 k - a wand of iceblast (6)
 l - a wand of paralysis (9)
Scrolls
 b - 5 scrolls of identify
 g - 2 scrolls of silence
 j - 2 scrolls of holy word
 o - a scroll of vulnerability {unknown}
Potions
 i - a potion of flight
 m - a potion of lignification {unknown}
 p - a potion of heal wounds {unknown}
 r - 2 potions of haste {unknown}


   Skills:
 + Level 6.8 Fighting
 + Level 6.1 Maces & Flails
 + Level 5.6 Dodging
 - Level 1.7 Stealth
 - Level 3.7 Spellcasting
 - Level 4.1 Translocations


You had 12 spell levels left.
You knew the following spells:

 Your Spells              Type           Power      Damage    Failure   Level
a - Blink                 Tloc           N/A        N/A       7%          2

Your spell library contained the following spells:

 Spells                   Type           Power      Damage    Failure   Level
 Lesser Beckoning         Tloc           5%         N/A       13%         3
 Manifold Assault         Tloc           11%        N/A       77%         5


Dungeon Overview and Level Annotations

Branches:
Dungeon (7/15)             Temple (1/1) D:6

Altars:
Dithmenos
Fedhas
Kikubaaqudgha
Uskayaw
Xom
Yredelemnul
Zin

Shops:
D:1 !   D:4 *


Innate Abilities, Weirdness & Mutations

You can spit globs of acid.
Your golden yellow scales are hard. (AC +6)
You cannot fit into any form of body armour.
You are cold-blooded and may be slowed by cold attacks.
You are resistant to acid. (rCorr)


Message History

The orc wizard is heavily wounded.
You feel extremely sick. The killer bee completely misses you.
The killer bee closely misses you.
The orc wizard hits you with a +0 dagger.
The killer bee closely misses you. The killer bee barely misses you.
The orc wizard barely misses you.
Okay, then.
Casting: Blink (safe; 7% risk of failure)
Confirm with . or Enter, or press ? or * to list all spells.
You blink.
Found a basalt altar of Yredelemnul and a hide-covered altar of Uskayaw.
You feel very sick. The killer bee stings you.
The killer bee stings you but does no damage.
The killer bee barely misses you.
You barely miss the orc wizard.
The orc wizard is heavily wounded.
You feel very sick.
The killer bee barely misses you. x2; The killer bee stings you!
* * * LOW HITPOINT WARNING * * *
The killer bee stings you.
* * * LOW HITPOINT WARNING * * *
You are more poisoned.
The killer bee poisons you!
The orc wizard casts a spell.
The orc wizard flickers and vanishes!
Deactivating autopickup; reactivate with Ctrl-A.
You feel better. The killer bee barely misses you. The killer bee misses you.
The killer bee stings you but does no damage.
The killer bee completely misses you. Something hits you.
* * * LOW HITPOINT WARNING * * *
The killer bee stings you.
* * * LOW HITPOINT WARNING * * *
The killer bee misses you. The killer bee barely misses you.
The killer bee closely misses you. The killer bee stings you!
* * * LOW HITPOINT WARNING * * *
You are lethally poisoned!
The killer bee poisons you! The killer bee stings you.
You die...

#...........
##....._....#
#..........#
#..........#
#.<.._.....#
#..........#
#.....{....##
##....y_....##
#....y@.....#
##............
##......._...
##..........
###........
###......
###... ###


You could see 2 killer bees.

Vanquished Creatures
  Sigmund (D:3)
  A steam dragon (D:6)
  A water moccasin (D:5)
  2 black bears
  A sky beast (D:5)
  3 necrophages
  2 ogres
  A phantom (D:6)
  A bullfrog (D:7)
  A killer bee (Temple)
  Crazy Yiuf (D:4)
  3 hounds
  2 jellies (D:5)
  2 iguanas
  4 orc wizards
  4 gnolls (D:4)
  4 adders
  A worm (D:2)
  A dart slug (D:1)
  14 orcs
  6 ball pythons
  5 endoplasms
  2 giant cockroaches
  4 goblins
  6 hobgoblins
  6 kobolds
  3 quokkas
  2 bats
  3 frilled lizards
  3 rats
90 creatures vanquished.

Notes
Turn   | Place    | Note
-------+----------+-------------------------------------------
     0 | D:1      | Stomo444 the Draconian Monk began the quest for the Orb.
     0 | D:1      | Reached XP level 1. HP: 19/19 MP: 1/1
   284 | D:1      | Reached XP level 2. HP: 26/26 MP: 2/2
  1028 | D:1      | Found Ynofesib's Distillery.
  1301 | D:2      | Reached XP level 3. HP: 33/33 MP: 3/3
  1560 | D:2      | Found a faded altar of an unknown god.
  1892 | D:3      | Reached XP level 4. HP: 34/40 MP: 4/4
  1940 | D:3      | Noticed Sigmund
  2264 | D:3      | Killed Sigmund
  2265 | D:3      | Reached XP level 5. HP: 26/47 MP: 5/5
  2664 | D:3      | Reached skill level 5 in Fighting
  2882 | D:4      | Noticed a black bear
  2921 | D:4      | Killed a black bear
  2922 | D:4      | Reached XP level 6. HP: 25/56 MP: 6/6
  3291 | D:4      | Found Xyamedgh's Assorted Antiques.
  3561 | D:4      | Learned a level 2 spell: Blink
  3838 | D:4      | Found a runed translucent door.
  3839 | D:4      | Noticed Crazy Yiuf
  3871 | D:4      | Reached skill level 1 in Spellcasting
  3871 | D:4      | Reached skill level 1 in Translocations
  4549 | D:4      | Killed Crazy Yiuf
  4550 | D:4      | Your scales start taking on a golden yellow colour.
  4550 | D:4      | Reached XP level 7. HP: 44/60 MP: 9/9
  4550 | D:4      | Gained mutation: You are resistant to acid. (rCorr) [Yellow
                  | Draconian growth]
  4664 | D:5      | Entered Level 5 of the Dungeon
  5169 | D:5      | Reached skill level 5 in Maces & Flails
  5169 | D:5      | Reached XP level 8. HP: 58/69 MP: 13/13
  5933 | D:5      | Found an ancient bone altar of Kikubaaqudgha.
  5933 | D:5      | Found a shadowy altar of Dithmenos.
  6034 | D:5      | Became a worshipper of Dithmenos the Shadowed
  6034 | D:5      | Reached * piety under Dithmenos
  6034 | D:5      | Reached ** piety under Dithmenos
  6096 | D:7      | Reached skill level 5 in Dodging
  6370 | D:6      | Found a staircase to the Ecumenical Temple.
  6380 | Temple   | Entered the Ecumenical Temple
  6666 | Temple   | HP: 2/71 [killer bee (8)]
  6666 | Temple   | Slain by a killer bee

Illustrated notes

Levels and vault maps discovered:
D:1:      dpeg_arrival_pits, layout_basic, serial_shops, shop
D:2:      layout_loops_cross, shapermc_ecumenical_altar_pompeii,
          minmay_misc_feat_alley
D:3:      layout_loops_cross, uniq_sigmund
D:4:      layout_basic, serial_shops, nicolae_shop_waterfront,
          uniq_crazy_yiuf_cottage
D:5:      layout_rooms, gammafunk_temple_overflow_elements,
          grunt_decor_junction, minmay_crystal_room
D:6:      layout_rooms, minmay_temple_entry_stoned_glass
D:7:      minmay_spotlight, layout_basic, nicolae_qazlal_eye_of_the_storm,
          minmay_mini_ossuary, uniq_harold
Temple:   compressed_dpeg_circular_temple

Skill      XL: |  1  2  3  4  5  6  7  8 |
---------------+-------------------------+-----
Dodging        | 3 4 5 |  5.6
Fighting       | 4 5 6 |  6.8
Maces & Flails | 4 5 6 |  6.1
Spellcasting   | 1 3 |  3.7
Translocations | 1 4 |  4.1
Stealth        | |  1.7

Action                   |  1- 3 |  4- 6 |  7- 9 || total
-------------------------+-------+-------+-------++-------
Melee: Mace              |    79 |   101 |   144 ||   324
       Tailslap          |    12 |    11 |    19 ||    42
 Cast: Blink             |       |       |     3 ||     3
 Abil: Breathe Acid      |       |       |    13 ||    13
  Use: Scroll            |     5 |     2 |       ||     7
       Potion            |       |     3 |     1 ||     4
 Stab: Sleeping          |     7 |     4 |     1 ||    12
Armor: Skin              |    23 |    38 |    63 ||   124
Dodge: Dodged            |    42 |    93 |   129 ||   264
